 Dungeon Crawl Stone Soup version 0.29.1-12-g30fa7ad0bf (webtiles) character file.

Game seed: 2170901637090980512

275 Coaxmetal the Digger (level 6, -2/32 HPs)
             Began as a Gargoyle Earth Elementalist on Dec 19, 2022.
             Slain by a wight
             ... wielding a +3 halberd
              (13 damage)
             ... on level 4 of the Dungeon.
             The game lasted 00:06:27 (3355 turns).

Coaxmetal the Digger (Gargoyle Earth Elementalist)  Turns: 3355, Time: 00:06:28

Health: -2/32      AC:  9    Str: 11    XL:     6   Next: 24%
Magic:  5/9        EV: 12    Int: 16    God:
Gold:   232        SH:  0    Dex: 12    Spells: 1/9 levels left

rFire   . . .      SeeInvis .   q - +4 short sword (freeze)
rCold   . . .      Faith    .   (no shield)
rNeg    + . .      Spirit   .   a - +0 robe
rPois   ∞          Reflect  .   (no helmet)
rElec   +          Harm     .   m - +2 cloak
rCorr   .          Rampage  .   (no gloves)
Will    .....                   (no boots)
Stlth   +++.......              (no amulet)
HPRegen 0.10/turn               (no ring)
MPRegen 0.11/turn               (no ring)

@: no status effects
A: sickness immunity, AC +4, negative energy resistance 1, electricity
resistance, torment resistance 1, petrification resistance
a: no special abilities


You were on level 4 of the Dungeon.
You visited 1 branch of the dungeon, and saw 4 of its levels.

You collected 232 gold pieces.

Inventory:

Hand Weapons
 q - a +4 short sword of freezing (weapon)
Armour
 a - a +0 robe (worn)
 m - a +2 cloak (worn)
Jewellery
 g - a ring of flight
Scrolls
 i - a scroll of magic mapping
 j - a scroll of noise {unknown}
 k - a scroll of blinking {unknown}
 n - 2 scrolls of vulnerability {unknown}
 o - a scroll of fear {unknown}
 p - 2 scrolls of identify {unknown}
Potions
 b - a potion of magic
 d - a potion of ambrosia {unknown}
 e - 2 potions of curing {unknown}
 f - 2 potions of lignification {unknown}
 h - 2 potions of invisibility {unknown}
 l - 2 potions of might {unknown}


   Skills:
 - Level 1.5 Dodging
 - Level 5.0 Stealth
 - Level 2.0 Spellcasting
 - Level 0.7 Transmutations
 * Level 6.8 Earth Magic


You had one spell level left.
You knew the following spells:

 Your Spells              Type           Power      Damage    Failure   Level
a - Sandblast             Erth           46%        2d11      1%          1
b - Stone Arrow           Conj/Erth      24%        3d8       16%         3
c - Petrify               Tmut/Erth      13%        N/A       41%         4

Your spell library contained the following spells:

 Spells                   Type           Power      Damage    Failure   Level
 Passwall                 Tmut/Erth      10%        N/A       7%          2
 Fireball                 Conj/Fire      0%         3d3       99%         5
 Starburst                Conj/Fire      0%         6d3       100%        6
 Ignition                 Fire           0%         3d3       100%        8


Dungeon Overview and Level Annotations

Branches:
Dungeon (4/15)
 Temple: D:4-7

Altars:


Innate Abilities, Weirdness & Mutations

You are immune to sickness and miasma.
Your stone body is resilient. (AC +4)
You are immune to poison.
You resist negative energy. (rN+)
You are resistant to electric shocks. (rElec)
You are resistant to unholy torment.
You are immune to petrification.


Message History

You barely resist.
Aiming: Sandblast (safe; 1% risk of failure)
Press: ? - help, Q - select action Shift-Dir - straight line, f/p - orc priest
Aim: an orc priest, wielding a +0 hand axe (severely wounded, 83% to hit)
The blast of sand hits the orc priest!
You kill the orc priest!
Training target 5.0 for Stealth reached!
Your Stealth skill increases to level 5!
Unknown command.
Your magical contamination has completely faded away.
You start resting.
Magic restored.
A wight is nearby!
Aiming: Sandblast (safe; 1% risk of failure)
Press: ? - help, Q - select action Shift-Dir - straight line, f - wight
Aim: a wight, wielding a +0 scimitar and wearing a +0 robe (wandering, hasn't noticed you, 83% to hit)
The blast of sand hits the wight.
The wight is moderately damaged.
The wight barely misses you.
Aiming: Sandblast (safe; 1% risk of failure)
Press: ? - help, Q - select action Shift-Dir - straight line, f/p - wight
Aim: a wight, wielding a +0 scimitar and wearing a +0 robe (moderately damaged, 83% to hit)
The blast of sand hits the wight.
The wight is severely damaged.
The wight hits you with a +0 scimitar. The wight hits you but does no damage.
Aiming: Sandblast (safe; 1% risk of failure)
Press: ? - help, Q - select action Shift-Dir - straight line, f/p - wight
Aim: a wight, wielding a +0 scimitar and wearing a +0 robe (severely damaged, 83% to hit)
The blast of sand hits the wight.
The wight is severely damaged.
The wight hits you with a +0 scimitar.
Aiming: Sandblast (safe; 1% risk of failure)
Press: ? - help, Q - select action Shift-Dir - straight line, f/p - wight
Aim: a wight, wielding a +0 scimitar and wearing a +0 robe (severely damaged, 83% to hit)
The blast of sand misses the wight.
The wight barely misses you.
The wight hits you from afar with a +3 halberd!
The wight hits you but does no damage.
The wight hits you from afar with a +3 halberd!
You die...

#################
...)))...........
#####.###.######.. #.
#@........
#.###z######.. . #..z##
##. .#.#####.## ..
.........# # .#.#####.#
# #.# ###.. #.#
.......#..####.#######.


You could see 2 wights.

Vanquished Creatures
  A wight (D:4)
  An orc priest (D:4)
  A hound (D:4)
  Terence (D:3)
  7 adders
  An ufetubus (D:4)
  3 dart slugs
  3 orcs
  3 bats (D:2)
  7 endoplasms
  2 giant cockroaches
  9 goblins
  3 hobgoblins
  3 jackals
  5 kobolds
  2 quokkas
  5 ball pythons
  2 frilled lizards (D:3)
  8 rats
67 creatures vanquished.

Notes
Turn   | Place    | Note
-------+----------+-------------------------------------------
     0 | D:1      | Coaxmetal the Gargoyle Earth Elementalist began the quest
                  | for the Orb.
     0 | D:1      | Reached XP level 1. HP: 10/10 MP: 3/3
   202 | D:1      | Reached skill level 4 in Earth Magic
   202 | D:1      | Reached XP level 2. HP: 15/15 MP: 0/5
  1108 | D:2      | Reached XP level 3. HP: 16/19 MP: 1/6
  1232 | D:2      | Reached XP level 4. HP: 24/24 MP: 3/7
  1533 | D:2      | Reached skill level 5 in Earth Magic
  2561 | D:3      | Noticed Terence
  2570 | D:3      | Killed Terence
  2571 | D:3      | Reached XP level 5. HP: 25/28 MP: 1/8
  2640 | D:3      | Learned a level 3 spell: Stone Arrow
  2645 | D:3      | Learned a level 4 spell: Petrify
  2906 | D:4      | Reached skill level 6 in Earth Magic
  3276 | D:4      | Reached XP level 6. HP: 32/32 MP: 5/9
  3292 | D:4      | Reached skill level 5 in Stealth
  3355 | D:4      | Slain by a wight

Illustrated notes

Levels and vault maps discovered:
D:1:      saegor_arrival_simple_e, layout_basic
D:2:      minmay_evil_eye, layout_rooms
D:3:      layout_rooms, minmay_between, uniq_terence
D:4:      layout_loops_ring, yredelemnul_altar_generic, uniq_pikel

Skill      XL: |  1  2  3  4  5  6 |
---------------+-------------------+-----
Earth Magic    | 4 5 6 |  6.8
Stealth        | 3 4 5 |  5.0
Dodging        | |  1.5
Spellcasting   | |  2.0
Transmutations | |  0.7

Action                   |  1- 3 |  4- 6 || total
-------------------------+-------+-------++-------
Melee: Short sword       |       |     1 ||     1
 Cast: Sandblast         |    35 |    89 ||   124
  Use: Scroll            |       |     1 ||     1
Armor: Robe              |     3 |    24 ||    27
Dodge: Dodged            |     7 |    33 ||    40
